 Dungeon Crawl Stone Soup version 0.31-a0-698-g4a7cf283bb (webtiles) character file.

Game seed: 4775773520795809903

4060 qw the Skirmisher (level 10, -3/64 HPs)
             Began as a Gargoyle Hunter on Sept 7, 2023.
             Was a Priest of Okawaru.
             Slain by a yak (9 damage)
             ... on level 8 of the Dungeon.
             The game lasted 00:02:42 (6017 turns).

qw the Skirmisher (Gargoyle Hunter)                 Turns: 6017, Time: 00:02:42

Health: -3/64      AC: 22    Str: 18    XL:     10   Next: 25%
Magic:  11/13      EV: 18    Int: 10    God:    Okawaru [***...]
Gold:   561        SH:  0    Dex: 25    Spells: 9/9 levels left

rFire   . . .        Y - +1 orcbow
rCold   + . .        (shield currently unavailable)
rNeg    + + .        q - +2 ring mail {rC+}
rPois   inf          s - +1 hat
rElec   +            (no cloak)
rCorr   .            g - +1 pair of gloves of Cotizeem {+Inv Str+3 Dex+2}
SInv    .            l - +2 pair of boots
Will    .....        o - amulet of faith
Stlth   +++          k - +6 ring of dexterity
HPRegen 0.30/turn    b - ring of positive energy
MPRegen 0.13/turn

%: faith
@: about to teleport, heroic
A: sickness immunity, AC +7, negative energy resistance 1, electricity
resistance, torment resistance 1, petrification resistance
a: Renounce Religion, Evoke Invisibility, Heroism


You were on level 8 of the Dungeon.
You worshipped Okawaru.
Okawaru was most pleased with you.
You visited 1 branch of the dungeon, and saw 9 of its levels.

You collected 561 gold pieces.


Innate Abilities, Weirdness & Mutations

You are immune to sickness and miasma.
Your stone body is resilient. (AC +7)
You are immune to poison.
You resist negative energy. (rN+)
You are resistant to electric shocks. (rElec)
You are resistant to unholy torment.
You are immune to petrification.


   Skills:
 - Level 8.0(13.0) Fighting
 + Level 11.3(16.3) Ranged Weapons
 - Level 3.2(8.2) Armour
 - Level 4.3(9.3) Dodging
 - Level 1.1(6.1) Stealth
 - Level 4.0 Invocations


You had 9 spell levels left.
You didn't know any spells.
Your spell library was empty.

Inventory:

Hand Weapons
 Y - a +1 orcbow (weapon)
Armour
 g - the +1 pair of gloves of Cotizeem (worn) {+Inv Str+3 Dex+2}
   (You found it on level 3 of the Dungeon)

   Str+3:     It affects your strength (+3).
   Dex+2:     It affects your dexterity (+2).
   +Inv:      It lets you turn invisible.
 l - a +2 pair of boots (worn)
 q - a +2 ring mail of cold resistance (worn)
 r - +2 acid dragon scales
 s - a +1 hat (worn)
Jewellery
 b - a ring of positive energy (right hand)
 j - an amulet of regeneration
 k - a +6 ring of dexterity (left hand)
 o - an amulet of faith (around neck)
Scrolls
 i - a scroll of identify
Potions
 d - 3 potions of might
 e - a potion of brilliance {unknown}
 f - a potion of haste
 h - a potion of curing {unknown}
 n - a potion of magic
 p - 2 potions of enlightenment
 t - a potion of invisibility {unknown}
 u - a potion of mutation {unknown}

Dungeon Overview and Level Annotations

Branches:
Dungeon (9/15)             Temple (0/1) D:5
   Lair: D:8-11         Orc: D:9-12

Altars:
Ashenzari
Elyvilon
Hepliaklqana
Okawaru
Qazlal
Ru
Trog
Wu Jian
Yredelemnul
Zin
The Shining One

Shops:
D:2 =(   D:6 :

Annotations:
D:8 2 runed translucent doors


Message History

Enter note:
6011 ||| INVOKING Heroism.
You gain the combat prowess of a mighty hero.
The yak gores you but does no damage. The yak misses you. The yak gores you.
The orc hits you but does no damage. The yak barely misses you.
The yak gores you. The yak barely misses you.
6012 |||
Found retreat position at -2,-1 (floor) with 1 blocking monsters and 2 monsters attacking at destination at distance 2 You shoot an arrow.
The arrow hits the yak!
The yak is lightly wounded.
The yak closely misses you.
The yak misses you. x2; The orc closely misses you.
The yak gores you but does no damage. The yak barely misses you.
The yak closely misses you.
6013 |||
Found retreat position at -2,-1 (floor) with 1 blocking monsters and 2 monsters attacking at destination at distance 2 You shoot an arrow.
The arrow hits the yak!!
The yak is severely wounded.
The yak gores you! The orc barely misses you.
The yak gores you but does no damage. x3; The yak completely misses you.
The yak gores you but does no damage.
6014 |||
Found retreat position at -2,-1 (floor) with 1 blocking monsters and 2 monsters attacking at destination at distance 2
6014 ||| READING scroll of teleportation.
As you read the scroll of teleportation, it crumbles to dust.
You feel strangely unstable. The yak barely misses you.
The orc hits you but does no damage. The yak gores you.
The yak gores you but does no damage. The yak misses you. x3
6015 |||
Found retreat position at -2,-1 (floor) with 1 blocking monsters and 2 monsters attacking at destination at distance 2 You shoot an arrow.
The arrow hits the yak!!
You kill the yak!
Okawaru accepts your kill.
6016 |||
Found retreat position at -2,-1 (floor) with 1 blocking monsters and 2 monsters attacking at destination at distance 2 You shoot an arrow.
The arrow hits the yak!!
The yak is severely wounded.
The yak barely misses you. The yak gores you. The yak misses you.
The yak closely misses you. The yak gores you but does no damage.
The orc hits you but does no damage.
6017 |||
Found retreat position at -2,-1 (floor) with 1 blocking monsters and 2 monsters attacking at destination at distance 2 You shoot an arrow.
The arrow hits the yak!
The yak is almost dead.
The yak completely misses you. The yak barely misses you. The orc misses you.
The yak gores you but does no damage. The yak gores you!
You die...

...........##...........#........
.......#...##...........#........
.......####...##.....##.#........
..............##.....##.#........
..............##.....##.#..#.##..
######........##.....##.#..#.##..
......#.......##.....##...<#.##..
......#........YY[...#######.....
......#.......#o@................
##....#..[.....YYY...............
#...[)(............/.............
#................................
#.............#..................
#.............#..................
#........######...####[.####.....
#.......## #...###..##..#..###
#.(.....# #...##.)##...#..#


You could see 5 yaks and an orc.

Vanquished Creatures
  Maggie (D:6)
  Jeremiah (D:6)
  Grinder (D:6)
  A yak (D:8)
  2 steam dragons
  Edmund (D:5)
  A water moccasin (D:8)
  A black bear (D:6)
  3 sky beasts
  2 orc warriors (D:8)
  A centaur (D:7)
  3 bullfrogs
  2 scorpions
  13 wights
  4 killer bees (D:8)
  3 jellies
  5 orc priests
  10 hounds
  4 iguanas
  A sleepcap (D:6)
  2 orc wizards (D:5)
  4 adders
  4 gnolls (D:2)
  A white imp (D:4)
  2 ufetubi
  2 worms
  2 dart slugs
  16 orcs
  8 bats
  11 endoplasms
  2 giant cockroaches (D:2)
  6 goblins
  6 hobgoblins
  8 jackals
  2 quokkas
  5 ball pythons
  3 frilled lizards
  3 kobolds
  5 rats
152 creatures vanquished.

Vanquished Creatures (others)
  A wizard (D:8)
  A jackal (D:5)
2 creatures vanquished.

Grand Total: 154 creatures vanquished

Notes
Turn   | Place    | Note
-------+----------+-------------------------------------------
     0 | D:1      | qw the Gargoyle Hunter began the quest for the Orb.
     0 | D:1      | Reached XP level 1. HP: 12/12 MP: 1/1
     0 | D:1      | 0 ||| qw: Version: 0.3-a-76-g4403597
     0 | D:1      | 0 ||| qw: Game counter: 373
     0 | D:1      | 0 ||| qw: Melee chars always use a shield: true
     0 | D:1      | 0 ||| qw: God list: Okawaru
     0 | D:1      | 0 ||| qw: Allow faded altars: false
     0 | D:1      | 0 ||| qw: Do Orc after clearing Dungeon:15 true
     0 | D:1      | 0 ||| qw: Do second Lair branch before Depths: true
     0 | D:1      | 0 ||| qw: Lair rune preference: random
     0 | D:1      | 0 ||| qw: Goals: Normal
     0 | D:1      | 0 ||| PLANNING D:1-11
   105 | D:1      | Reached XP level 2. HP: 15/17 MP: 2/2
   405 | D:1      | Reached XP level 3. HP: 21/21 MP: 3/3
   517 | D:1      | 517 ||| UPGRADING to amulet of guardian spirit.
   522 | D:1      | 522 ||| UPGRADING to +6 ring of dexterity.
   523 | D:1      | 523 ||| READING scroll labelled QEVVEK EDOPN.
   524 | D:1      | 524 ||| READING scroll labelled XASKYI ULITI.
   525 | D:1      | 525 ||| READING 3 scrolls labelled SOEZYPSANT.
   526 | D:1      | 526 ||| READING scroll labelled IXKITTALAS.
   527 | D:1      | 527 ||| DRINKING 2 metallic cyan potions.
   528 | D:1      | 528 ||| READING 2 scrolls of identify.
   528 | D:1      | 528 ||| IDENTIFYING fizzy amethyst potion
   529 | D:1      | 529 ||| DROPPING scroll of butterflies.
   530 | D:1      | 530 ||| DROPPING potion of attraction.
   531 | D:1      | 531 ||| DROPPING potion of berserk rage.
   572 | D:2      | Reached skill level 5 in Ranged Weapons
   640 | D:2      | Reached skill level 3 in Fighting
   647 | D:2      | Found a hazy altar of Hepliaklqana.
   745 | D:2      | Reached XP level 4. HP: 28/28 MP: 4/4
   941 | D:2      | Found Heurph's Antique Weapon Emporium.
   997 | D:2      | Found Sify's Jewellery Shop.
  1013 | D:2      | 1013 ||| SHOPLISTING +4 ring of slaying (1014 gold, have
                  | 106).
  1013 | D:2      | 1013 ||| SHOPLISTING +6 ring of strength (468 gold, have
                  | 106).
  1013 | D:2      | 1013 ||| SHOPLISTING amulet of the acrobat (390 gold, have
                  | 106).
  1013 | D:2      | 1013 ||| SHOPLISTING ring of see invisible (195 gold, have
                  | 106).
  1199 | D:2      | 1199 ||| Stepping ~*~*~tactically~*~*~ (retreating).
  1200 | D:2      | 1200 ||| Stepping ~*~*~tactically~*~*~ (retreating).
  1201 | D:2      | 1201 ||| Stepping ~*~*~tactically~*~*~ (retreating).
  1202 | D:2      | 1202 ||| Stepping ~*~*~tactically~*~*~ (retreating).
  1203 | D:2      | 1203 ||| Stepping ~*~*~tactically~*~*~ (retreating).
  1265 | D:2      | 1265 ||| READING scroll labelled ZEITO RAJUELAO.
  1284 | D:3      | Found a hazy altar of Hepliaklqana.
  1353 | D:3      | Identified the +1 pair of gloves of Cotizeem {+Inv Str+3
                  | Dex+2}
  1358 | D:3      | Found an iron altar of Okawaru.
  1359 | D:3      | 1359 ||| PLANNING OKAWARU WORSHIP
  1359 | D:3      | 1359 ||| UPGRADING to +1 pair of gloves of Cotizeem {+Inv
                  | Str+3 Dex+2}.
  1364 | D:3      | 1364 ||| READING scroll labelled LEUFIEMIGG.
  1482 | D:3      | Became a worshipper of Warmaster Okawaru
  1483 | D:3      | 1483 ||| PLANNING D:1-11
  1483 | D:3      | 1483 ||| REMOVING amulet of guardian spirit.
  1545 | D:3      | Found the +5 Storm Queen's Shield {shock, Fly rElec}
  1637 | D:3      | Reached XP level 5. HP: 32/32 MP: 5/5
  1885 | D:3      | 1885 ||| DROPPING amulet of guardian spirit.
  1886 | D:3      | 1886 ||| UPGRADING to ring of positive energy.
  1887 | D:3      | 1887 ||| DRINKING 2 sapphire potions.
  1905 | D:4      | 1905 ||| STAIRDANCE
  1908 | D:3      | Reached skill level 6 in Ranged Weapons
  1912 | D:4      | 1912 ||| STAIRDANCE
  1925 | D:3      | Reached skill level 1 in Armour
  1981 | D:4      | 1981 ||| FLEEEEING.
  1982 | D:4      | 1982 ||| FLEEEEING.
  1983 | D:4      | 1983 ||| FLEEEEING.
  1990 | D:4      | 1990 ||| STAIRDANCE
  2059 | D:4      | Reached XP level 6. HP: 37/37 MP: 6/6
  2423 | D:4      | Reached * piety under Okawaru
  2522 | D:4      | Found an ornate altar of the Wu Jian Council.
  2686 | D:4      | 2686 ||| UPGRADING to +2 pair of boots.
  2691 | D:4      | 2691 ||| UPGRADING to +0 ring mail.
  2701 | D:4      | 2701 ||| DROPPING +0 leather armour.
  2702 | D:4      | 2702 ||| UPGRADING to +1 hat.
  2707 | D:4      | 2707 ||| UPGRADING to amulet of regeneration.
  2712 | D:4      | 2712 ||| UPGRADING to amulet of faith.
  2722 | D:4      | 2722 ||| READING scroll labelled WOATROEMEM.
  2723 | D:4      | 2723 ||| READING scroll labelled VINNATO SEMAS.
  2724 | D:4      | 2724 ||| DRINKING 4 fizzy purple potions.
  2739 | D:5      | Entered Level 5 of the Dungeon
  2755 | D:5      | 2755 ||| Stepping ~*~*~tactically~*~*~ (outnumbered).
  2757 | D:5      | 2757 ||| INVOKING Heroism.
  2774 | D:5      | Reached XP level 7. HP: 28/43 MP: 7/7
  2844 | D:5      | Reached skill level 7 in Ranged Weapons
  2856 | D:5      | Reached skill level 1 in Invocations
  2982 | D:5      | Noticed Edmund
  2983 | D:5      | 2983 ||| INVOKING Heroism.
  2988 | D:5      | Killed Edmund
  2989 | D:5      | Reached skill level 3 in Invocations
  3022 | D:5      | Found a staircase to the Ecumenical Temple.
  3027 | D:5      | Noticed a steam dragon
  3028 | D:5      | 3028 ||| Stepping ~*~*~tactically~*~*~ (cloud).
  3030 | D:5      | 3030 ||| INVOKING Heroism.
  3034 | D:5      | Killed a steam dragon
  3035 | D:5      | Reached XP level 8. HP: 39/48 MP: 7/10
  3410 | D:5      | Reached skill level 8 in Ranged Weapons
  3538 | D:5      | 3538 ||| UPGRADING to +2 ring mail of cold resistance.
  3548 | D:5      | 3548 ||| DROPPING +0 ring mail.
  3549 | D:5      | 3549 ||| DRINKING 2 white potions.
  3576 | D:6      | 3576 ||| INVOKING Heroism.
  3578 | D:6      | 3578 ||| STAIRDANCE
  3610 | D:6      | Found Ijer's Book Shoppe.
  3611 | D:6      | Noticed Grinder
  3612 | D:6      | 3612 ||| INVOKING Heroism.
  3615 | D:6      | Paralysed by Grinder for 2 turns
  3618 | D:6      | Killed Grinder
  3618 | D:6      | Reached ** piety under Okawaru
  3653 | D:6      | Reached skill level 9 in Ranged Weapons
  3736 | D:6      | 3736 ||| SWAPPING to +0 orcbow.
  3739 | D:6      | 3739 ||| DROPPING +0 heavy shortbow.
  3872 | D:6      | Reached skill level 3 in Dodging
  3898 | D:6      | Noticed Maggie
  3919 | D:6      | 3919 ||| INVOKING Heroism.
  3925 | D:6      | Killed Maggie
  3925 | D:6      | Reached *** piety under Okawaru
  3926 | D:6      | Reached XP level 9. HP: 38/57 MP: 9/12
  4181 | D:6      | Noticed Jeremiah
  4186 | D:6      | 4186 ||| FLEEEEING.
  4208 | D:6      | 4208 ||| READING scroll labelled ZAYG INILOUFRIDU.
  4212 | D:6      | 4212 ||| INVOKING Heroism.
  4220 | D:6      | 4220 ||| READING scroll labelled REEXESENGE.
  4220 | D:6      | HP: 10/57 [Jeremiah/divine providence (10)]
  4221 | D:6      | 4221 ||| READING 2 scrolls of teleportation.
  4269 | D:6      | 4269 ||| INVOKING Heroism.
  4273 | D:6      | Killed Jeremiah
  4443 | D:6      | 4443 ||| READING 2 scrolls of identify.
  4443 | D:6      | 4443 ||| IDENTIFYING red potion
  4444 | D:6      | 4444 ||| DROPPING potion of ambrosia.
  4516 | D:7      | Reached skill level 10 in Ranged Weapons
  4617 | D:7      | Found a sacrificial altar of Ru.
  4617 | D:7      | Found a faded altar of an unknown god.
  4624 | D:7      | Found a faded altar of an unknown god.
  4626 | D:7      | 4626 ||| INVOKING Heroism.
  4641 | D:7      | Found a stormy altar of Qazlal.
  4643 | D:7      | Found a broken altar of Ashenzari.
  4677 | D:7      | Found a white marble altar of Elyvilon.
  4677 | D:7      | Found a glowing silver altar of Zin.
  4678 | D:7      | Found a glowing golden altar of the Shining One.
  4708 | D:7      | Reached skill level 3 in Armour
  4946 | D:7      | Reached skill level 11 in Ranged Weapons
  4959 | D:7      | 4959 ||| READING scroll labelled URIENA WIEZ.
  4960 | D:7      | 4960 ||| READING scroll labelled IHIFET ANYO.
  4961 | D:7      | 4961 ||| READING 2 scrolls of identify.
  4961 | D:7      | 4961 ||| IDENTIFYING green potion
  4962 | D:7      | 4962 ||| DROPPING potion of degeneration.
  5084 | D:8      | 5084 ||| INVOKING Heroism.
  5177 | D:8      | Found a large runed translucent door.
  5185 | D:8      | Found a large runed translucent door.
  5220 | D:8      | Found a basalt altar of Yredelemnul.
  5230 | D:8      | 5230 ||| INVOKING Heroism.
  5234 | D:8      | Reached XP level 10. HP: 63/63 MP: 10/13
  5502 | D:8      | 5502 ||| RETREATING.
  5602 | D:8      | Found a bloodstained altar of Trog.
  5614 | D:8      | Noticed a wizard
  5617 | D:8      | Killed a wizard
  5789 | D:8      | 5789 ||| DROPPING ring of wizardry.
  5790 | D:8      | 5790 ||| READING scroll labelled VIMIUG BUAN.
  5791 | D:8      | 5791 ||| DRINKING 3 glowing emerald potions.
  5792 | D:8      | 5792 ||| READING 2 scrolls of identify.
  5792 | D:8      | 5792 ||| IDENTIFYING bubbling brown potion
  5822 | D:9      | 5822 ||| STAIRDANCE
  5824 | D:8      | 5824 ||| INVOKING Heroism.
  5837 | D:8      | HP: 8/64 [orc priest/divine providence (13)]
  5838 | D:8      | 5838 ||| READING 2 scrolls of teleportation.
  5839 | D:8      | 5839 ||| DRINKING potion of heal wounds.
  6009 | D:9      | 6009 ||| STAIRDANCE
  6011 | D:8      | 6011 ||| INVOKING Heroism.
  6013 | D:8      | HP: 11/64 [yak (10)]
  6014 | D:8      | 6014 ||| READING scroll of teleportation.
  6017 | D:8      | Slain by a yak

Levels and vault maps discovered:
D:1:      dpeg_arrival_signposts, layout_rooms
D:2:      layout_basic, serial_shops, nicolae_shop_advertising_works
          [nicolae_subvault_shop_adworks], nicolae_shop_tiny_statue_garden,
          basic_altar
D:3:      layout_basic, okawaru_trees_1, nicolae_hepliaklqana_hazy_memory
D:4:      layout_basic, nzn_wu_jian_contemplation
D:5:      layout_loops_ring, minmay_temple_entry_offerings, grunt_ministairs_12,
          uniq_edmund
D:6:      layout_rooms, kennysheep_cross_bottleneck,
          hangedman_decor_diamond_cutter, nicolae_stop_n_shop_1, uniq_grinder,
          uniq_maggie, uniq_jeremiah
D:7:      layout_rooms, good_gods_mini_temple,
          chequers_temple_overflow_minitemple
D:8:      layout_basic, yredelemnul_altar_generic, trog_wizard,
          jmf_multi_god_temple2, lightli_orcish_oven
D:9:      layout_basic, lair_entry_dummy, chequers_serial_rivers_large_b,
          hangedman_decor_lopped, minmay_holes, grunt_ministairs_13, uniq_pikel

Skill      XL: |  1  2  3  4  5  6  7  8  9 10 |
---------------+-------------------------------+-----
Ranged Weapons | 5 6 7 9 11 | 11.3
Fighting       | 3 4 7 8 |  8.0
Dodging        | 2 3 4 |  4.3
Armour         | 1 2 3 |  3.2
Invocations    | 3 4 |  4.0
Stealth        | |  1.1

Action                     |  1- 3 |  4- 6 |  7- 9 | 10-12 || total
---------------------------+-------+-------+-------+-------++-------
   Fire: Shortbow          |    93 |   174 |    90 |       ||   357
         Orcbow            |       |       |   146 |    62 ||   208
 Invoke: Heroism           |       |     1 |    10 |     2 ||    13
    Use: Scroll            |     5 |     4 |     7 |     4 ||    20
         Potion            |     1 |     2 |     1 |     2 ||     6
 Armour: Leather armour    |    37 |    29 |       |       ||    66
         Ring mail         |       |     9 |    80 |    47 ||   136
  Dodge: Dodged            |    45 |    61 |   100 |    70 ||   276

Table legend:
 A = Non-vault XP
 B = Vault XP
 C = Vault XP percentage of total XP
 D = Non-vault monster count
 E = Vault monster count
 F = Vault count percentage of total count
                 A         B        C        D         E       F
            +---------+---------+-------+---------+---------+-------
      Total |    4281 |    1519 |  26.2 |     140 |      12 |   7.9
            +---------+---------+-------+---------+---------+-------
        D:1 |      36 |       0 |   0.0 |      21 |       0 |   0.0
        D:2 |     111 |       0 |   0.0 |      21 |       0 |   0.0
        D:3 |     156 |       0 |   0.0 |      14 |       0 |   0.0
        D:4 |     219 |       0 |   0.0 |      22 |       0 |   0.0
        D:5 |     825 |     235 |  22.2 |      22 |       3 |  12.0
        D:6 |     391 |    1067 |  73.2 |       7 |       3 |  30.0
        D:7 |    1228 |       0 |   0.0 |      15 |       0 |   0.0
        D:8 |    1315 |     217 |  14.2 |      18 |       6 |  25.0
            +---------+---------+-------+---------+---------+-------
